 Dungeon Crawl Stone Soup version 0.29-a0-92-gee772dd00f (webtiles) character file.

Game seed: 11343334427886246238

499 enile the Conjurer (level 6, -1/28 HPs)
             Began as a Felid Conjurer on Feb 9, 2022.
             Was an Initiate of Vehumet.
             Slain by Duvessa (9 damage)
             ... on level 5 of the Dungeon.
             The game lasted 00:14:39 (8360 turns).

enile the Conjurer (Felid Conjurer)                 Turns: 8360, Time: 00:14:40

Health: -1/28      AC:  2    Str:  3    XL:     6   Next: 94%
Magic:  1/14       EV: 18    Int: 21    God:    Vehumet [......]
Gold:   180        SH:  0    Dex: 15    Spells: 8/15 levels left
                                        Lives:  0   Deaths: 2

rFire   + . .      SeeInvis +     - Unarmed
rCold   x . .      Faith    .   (shield unavailable)
rNeg    . . .      Spirit   .   (armour unavailable)
rPois   .          Reflect  .   (helmet unavailable)
rElec   .          Harm     .   (cloak unavailable)
rCorr   .          Rampage  .   (gloves unavailable)
Will    .....                   (boots unavailable)
Stlth   ++++......              (no amulet)
HPRegen 0.09/turn               q - ring of Recklessness {Fire SInv Stlth+}
MPRegen 0.14/turn               (no ring)

@: quick
A: very small, claws 1, fangs 3, see invisible, speed 1, shaggy fur 2, stealthy
paws, no weapons or thrown items, no armour, multi-lived
a: Renounce Religion


You were on level 5 of the Dungeon.
You worshipped Vehumet.
Vehumet was noncommittal.
You visited 2 branches of the dungeon, and saw 7 of its levels.

You collected 180 gold pieces.

Inventory:

Jewellery
 q - the ring of Recklessness (left paw) {Fire SInv Stlth+}
   (You found it on level 6 of the Dungeon)

   [ring of fire]

   It enhances your fire magic.
   rF:        It protects you from fire.
   rC:        It makes you vulnerable to cold.
   SInv:      It lets you see invisible.
   Stlth:     It makes you more stealthy.
Scrolls
 b - a scroll of fog
 e - a scroll of immolation
 i - a scroll of holy word
 j - a scroll of amnesia
 k - 2 scrolls of teleportation
 o - a scroll of vulnerability {unknown}
Potions
 a - a potion of invisibility {unknown}
 c - a potion of mutation {unknown}
 d - a potion of brilliance {unknown}
 f - a potion of degeneration {unknown}
 h - a potion of curing {unknown}
 l - a potion of haste {unknown}
 m - 2 potions of resistance
 n - 4 potions of attraction {unknown}


   Skills:
 - Level 4.0 Fighting
 - Level 4.0 Dodging
 - Level 4.0 Stealth
 - Level 2.0 Unarmed Combat
 - Level 5.0 Spellcasting
 - Level 6.0 Conjurations
 + Level 2.1 Air Magic
 - Level 2.0 Poison Magic
 - Level 2.0 Invocations


You had 8 spell levels left.
You knew the following spells:

 Your Spells              Type           Power      Damage    Failure   Level
b - Searing Ray           Conj           60%        2d6       1%          2
c - Static Discharge      Conj/Air       22%        N/A       3%          2
d - Mephitic Cloud        Conj/Pois/Air  19%        N/A       9%          3

Your spell library contained the following spells:

 Spells                   Type           Power      Damage    Failure   Level
 Magic Dart               Conj           100%       1d8       1%          1
 Dazzling Flash           Conj/Hex       34%        N/A       10%         3
 Call Imp                 Summ           5%         N/A       16%         2
 Fulminant Prism          Conj/Hex       8%         3d7       30%         4
 Iskenderun's Mystic Bla  Conj/Tloc      17%        2d5       30%         4
 Sticky Flame             Conj/Fire      26%        2d5       30%         4
 Dispel Undead            Necr           5%         3d7       71%         4


Dungeon Overview and Level Annotations

Branches:
Dungeon (6/15)             Temple (1/1) D:4

Altars:
Ashenzari
Cheibriados
Dithmenos
Elyvilon
Gozag
Hepliaklqana
Kikubaaqudgha
Makhleb
Okawaru
Ru
Sif Muna
Trog
Uskayaw
Vehumet
Xom
Yredelemnul
Zin
The Shining One

Shops:
D:1 *   D:2 (

Annotations:
D:5 Duvessa
D:6 Pikel


Innate Abilities, Weirdness & Mutations

You have sharp claws.
You have razor-sharp teeth.
You have supernaturally acute eyesight. (SInv)
You cover ground quickly. (Speed+)
You are covered in thick fur. (AC +2)
Your paws help you pounce on unaware monsters.
You are incapable of wielding weapons or throwing items.
You cannot wear armour.
You gain extra lives every three experience levels.


Message History

The searing ray hits Duvessa.
Duvessa is moderately wounded. (Press . to maintain the ray.)
Casting: Searing Ray (safe; 1% risk of failure)
Confirm with . or Enter, or press ? or * to list all spells.
Restarting spell: Searing Ray (safe; 1% risk of failure)
Press: ? - help, Shift-Dir - straight line, f/p - Duvessa
Aim: Duvessa, wielding a +0 rapier and wearing a +0 scale mail (moderately wounded, berserk, confused, 95% to hit)
The searing ray hits Duvessa.
Duvessa is heavily wounded. (Press . to maintain the ray.)
Casting: Searing Ray (safe; 1% risk of failure)
Confirm with . or Enter, or press ? or * to list all spells.
Restarting spell: Searing Ray (safe; 1% risk of failure)
Press: ? - help, Shift-Dir - straight line, f/p - Duvessa
Aim: Duvessa, wielding a +0 rapier and wearing a +0 scale mail (heavily wounded, berserk, confused, 95% to hit)
The searing ray hits Duvessa.
Duvessa is heavily wounded. (Press . to maintain the ray.) Duvessa seems less confused.
Casting: Searing Ray (safe; 1% risk of failure)
Confirm with . or Enter, or press ? or * to list all spells.
Restarting spell: Searing Ray (safe; 1% risk of failure)
Press: ? - help, Shift-Dir - straight line, f/p - Duvessa
Aim: Duvessa, wielding a +0 rapier and wearing a +0 scale mail (heavily wounded, berserk, 85% to hit)
The searing ray hits Duvessa!
Duvessa is heavily wounded. (Press . to maintain the ray.) Duvessa misses you.
Duvessa hits you with a +0 rapier!!
Ouch! That really hurt!
* * * LOW HITPOINT WARNING * * *
As you read the scroll labelled XUINLI FASIGUGE, it crumbles to dust.
You feel aware of your surroundings.
It was a scroll of magic mapping.
Duvessa misses you. Duvessa barely misses you.
As you read the scroll labelled OMIXUGG SEGAZA, it crumbles to dust.
It is a scroll of enchant weapon.
You aren't carrying any weapons that can be enchanted.
Duvessa hits you with a +0 rapier!
You die...

.#.## *,,,,,,, ###.#######
*,****,* # ##....).# *,*
*,* ###.#####.# *,# #.*
.#.## #.# #.####.* #.## #.#
*#.#....# ..# #.#
###########........ ### #.#
##...............,.. ##.##
#..@e............,#.
##.#.###..#####...♣..#.#.#.
##.###.##..# #............
####.## ##....#
#......#.#)##
#.....###.....#
#.##..#......
###.####.#.###..#
#.#*##......# ....# ##.##
#..# #.# #.......# #####
#.# #..# #.# #.......#
#.####..# #.# #..<....#


You could see Duvessa (berserk).

Vanquished Creatures
  Sigmund (D:2)
  Menkaure (D:5)
  An ice beast (D:4)
  3 ogres
  2 bullfrogs
  2 water moccasin zombies (D:5)
  Dowan (D:5)
  A centaur zombie (D:5)
  A hound (D:2)
  An orc priest (D:3)
  2 bullfrog skeletons
  2 iguanas (D:5)
  Ijyb (D:4)
  A killer bee zombie (D:5)
  Robin (D:1)
  A howler monkey zombie (D:5)
  4 gnolls (D:4)
  An adder (D:3)
  2 ufetubi
  2 worms
  10 orcs
  6 ball pythons
  7 endoplasms
  8 giant cockroaches
  14 goblins
  10 hobgoblins
  6 jackals (D:1)
  6 kobolds
  A quokka (D:2)
  5 bats
  3 frilled lizards
  2 rats
109 creatures vanquished.

Notes
Turn   | Place    | Note
-------+----------+-------------------------------------------
     0 | D:1      | enile the Felid Conjurer began the quest for the Orb.
     0 | D:1      | Reached XP level 1. HP: 7/7 MP: 4/4
   167 | D:1      | Reached skill level 1 in Fighting
   248 | D:1      | Reached XP level 2. HP: 13/13 MP: 4/6
   666 | D:1      | Learned a level 2 spell: Searing Ray
   682 | D:1      | Reached skill level 4 in Conjurations
   734 | D:1      | Reached XP level 3. HP: 16/16 MP: 4/7
  1100 | D:1      | Found Vaexiv's General Store.
  1813 | D:2      | Reached XP level 4. HP: 7/19 MP: 0/9
  2165 | D:2      | Noticed Sigmund
  2172 | D:2      | Killed Sigmund
  2173 | D:2      | Reached skill level 5 in Conjurations
  2173 | D:2      | Reached XP level 5. HP: 24/24 MP: 0/10
  2266 | D:2      | Found a faded altar of an unknown god.
  2470 | D:2      | Prayed at the altar of an unknown god.
  2470 | D:2      | Became a worshipper of Elyvilon the Healer
  2470 | D:2      | Reached * piety under Elyvilon
  2502 | D:2      | Noticed Robin
  2606 | D:1      | Killed Robin
  2718 | D:2      | Gained mutation: You are covered in thick fur. (AC +2)
                  | [Felid growth]
  2718 | D:2      | Reached XP level 6. HP: 28/28 MP: 6/11
  2835 | D:2      | Found Pakkukki's Weapon Emporium.
  3424 | D:3      | Reached ** piety under Elyvilon
  3481 | D:3      | Learned a level 2 spell: Static Discharge
  3524 | D:3      | Found a shadowy altar of Dithmenos.
  4047 | D:4      | Reached skill level 6 in Conjurations
  4047 | D:4      | Reached skill level 1 in Air Magic
  4321 | D:3      | Reached XP level 7. HP: 31/31 MP: 6/12
  4680 | D:4      | Found a staircase to the Ecumenical Temple.
  4832 | Temple   | Entered the Ecumenical Temple
  5056 | Temple   | Fell from the grace of Elyvilon
  5056 | Temple   | Became a worshipper of Vehumet
  5212 | D:5      | Entered Level 5 of the Dungeon
  5364 | D:5      | Noticed Ijyb
  5366 | D:5      | Noticed Duvessa
  5381 | D:5      | Noticed Dowan
  5788 | D:6      | Identified the ring of Recklessness {Fire SInv Stlth+}
  5955 | D:6      | Noticed Pikel
  5990 | D:5      | Learned a level 3 spell: Mephitic Cloud
  6027 | D:5      | Reached skill level 1 in Invocations
  6203 | D:5      | Noticed Menkaure
  6212 | D:5      | Killed Menkaure
  6555 | D:5      | Found a basalt altar of Yredelemnul.
  6612 | D:5      | Reached skill level 1 in Unarmed Combat
  7230 | D:4      | HP: 1/32 [ice beast (21)]
  7231 | D:4      | Slain by an ice beast
  7232 | D:4      | Reached XP level 6. HP: -3/28 MP: 3/13
  7320 | D:4      | Killed an ice beast
  7321 | D:4      | Reached XP level 7. HP: 3/32 MP: 4/14
  7723 | D:5      | Found an opulent altar of Gozag.
  7873 | D:4      | Killed Ijyb
  7967 | D:5      | Killed Dowan
  7968 | D:5      | Reached skill level 5 in Spellcasting
  8083 | D:5      | HP: 1/32 [Duvessa (20)]
  8086 | D:5      | Demolished by Duvessa
  8087 | D:5      | Reached XP level 6. HP: -15/28 MP: 7/14
  8105 | D:5      | Found a bloodstained altar of Trog.
  8119 | D:5      | Reached skill level 1 in Poison Magic
  8360 | D:5      | Slain by Duvessa

Illustrated notes

Levels and vault maps discovered:
D:1:      minmay_arrival_doors, layout_basic, serial_shops, shop
D:2:      layout_basic, serial_shops, nicolae_shop_bloodbath_and_beyond,
          hellmonk_ecumenical_altar_blasted, uniq_robin, uniq_sigmund
D:3:      layout_rooms, nicolae_dithmenos_through_a_glass_darkly, serial_glass,
          glass_columns_b, glass_columns_b, minmay_strange_pillars,
          feat_on_display
D:4:      layout_cave_pools, temple_fountains, serial_column_ruins,
          column_ruins_hut, column_ruins_grid_4, column_ruins_grid_3,
          column_ruins_corridor_straight, column_ruins_columns_corner,
          column_ruins_columns_straight, column_ruins_corridor_T,
          chequers_decorated_corner
D:5:      layout_loops_ring, overflow_temple_1_default,
          mainiacjoe_overflow_surrounded_room, nicolae_yredelemnul_corpse_copse,
          chequers_mini_garden, uniq_duvessa, uniq_grinder, uniq_menkaure,
          uniq_ijyb
D:6:      layout_loops_ring, nemelex_spade_bored_becter,
          mainiacjoe_overflow_paths, uniq_pikel
Temple:   dpeg_chambers_temple

Skill      XL: |  1  2  3  4  5  6  7 |
---------------+----------------------+-----
Fighting       | 1 2 3 4 |  4.0
Conjurations   | 4 5 6 |  6.0
Spellcasting   | 3 5 |  5.0
Dodging        | 3 4 |  4.0
Air Magic      | 2 |  2.1
Invocations    | 2 |  2.0
Stealth        | 4 |  4.0
Unarmed Combat | 2 1 |  2.0
Poison Magic   | 2 |  2.0

Action                   |  1- 3 |  4- 6 |  7- 9 || total
-------------------------+-------+-------+-------++-------
Melee: Unarmed           |    38 |    32 |    21 ||    91
       Bite              |     6 |     4 |     5 ||    15
       Punch             |     1 |     2 |     1 ||     4
 Cast: Magic Dart        |    77 |    80 |    31 ||   188
       Searing Ray       |    11 |    41 |    66 ||   118
       Static Discharge  |       |     6 |     5 ||    11
       Mephitic Cloud    |       |     1 |     3 ||     4
  Use: Scroll            |       |     2 |     4 ||     6
Armor: Skin              |     2 |     8 |     6 ||    16
Dodge: Dodged            |    53 |    65 |    64 ||   182

Table legend: (Time is in decaauts)
 A = Elapsed time spent in this place.
 B = Non-inter-level travel time spent in this place.
 C = Inter-level travel time spent in this place.
 D = Time resting spent in this place.
 E = Time spent auto-exploring this place.
 F = Levels seen in this place.
 G = Mean time per level.
                   A        B        C        D        E       F      G
               +--------+--------+--------+--------+--------+-----+--------+
         Total |   7689 |   7385 |    304 |    858 |   5333 |   7 | 1098.4 |
       Dungeon |   7498 |   7219 |    279 |    858 |   5179 |   6 | 1249.7 |
        Temple |    190 |    165 |     25 |      0 |    154 |   1 |  190.0 |
               +--------+--------+--------+--------+--------+-----+--------+

Top non-repeatable levels by time:
     D:4: 2129 daAuts
     D:1: 1489 daAuts
     D:5: 1426 daAuts
     D:2: 1332 daAuts
     D:3: 841 daAuts
     D:6: 279 daAuts
  Temple: 190 daAuts
